 Dungeon Crawl Stone Soup version 0.20.1-1-g8b1a95d (webtiles) character file.

18 Inarius the Grave Robber (level 2, 0/20 HPs)
             Began as a Demonspawn Necromancer on July 15, 2017.
             Slain by a jackal (2 damage)
             ... on level 1 of the Dungeon.
             The game lasted 00:02:23 (963 turns).

Inarius the Grave Robber (Demonspawn Necromancer)    Turns: 963, Time: 00:02:24

Health: 0/20       AC:  2    Str:  8    XL:     2   Next: 51%
Magic:  0/5        EV: 12    Int: 16    God:
Gold:   33         SH:  0    Dex: 13    Spells: 3/5 levels left

rFire    . . .     SeeInvis .   l - +0 dagger
rCold    . . .     Gourm    .   (no shield)
rNeg     . . .     Faith    .   a - +0 robe
rPois    .         Spirit   +   (no helmet)
rElec    .         Reflect  .   (no cloak)
rCorr    .         Harm     .   (no gloves)
MR       .....                  (no boots)
Stlth    ++........             i - amulet of regeneration
Regen    0.5/turn               (no ring)
MPRegen  0.1/turn               (no ring)

@: no status effects
A: magic shield
a: no special abilities


You were on level 1 of the Dungeon.
You were hungry.

You visited 1 branch of the dungeon, and saw 1 of its levels.

You collected 33 gold pieces.

Inventory:

Hand Weapons
 l - a +0 dagger (weapon)
Armour
 a - a +0 robe (worn)
Jewellery
 g - an uncursed amulet of faith
 i - an amulet of regeneration (around neck)
Scrolls
 d - a scroll of recharging {unknown}
 k - 2 scrolls of enchant armour {unknown}
 m - 3 scrolls of remove curse {unknown}
 p - a scroll of identify {unknown}
Potions
 e - a potion of degeneration {unknown}
 h - a potion of brilliance {unknown}
 n - a potion of berserk rage {unknown}
 o - a potion of curing {unknown}
Books
 b - a book of Necromancy

   Spells                             Type                      Level
   a - Pain                           Necromancy                   1
   b - Animate Skeleton               Necromancy                   1
   c - Vampiric Draining              Necromancy                   3
   d - Regeneration                   Charms/Necromancy            3
   e - Animate Dead                   Necromancy                   4
   f - Control Undead                 Necromancy                   4
Comestibles
 c - a bread ration
 f - 2 royal jellies


   Skills:
 * Level 0.6 Fighting
 * Level 0.5 Armour
 + Level 1.8 Dodging
 - Level 1.7 Stealth
 + Level 2.1 Spellcasting
 + Level 4.8 Necromancy


You had 3 spell levels left.
You knew the following spells:

 Your Spells              Type           Power        Failure   Level  Hunger
a - Pain                  Necr           ###.         2%          1    #......
b - Animate Skeleton      Necr           N/A          2%          1    #......


Dungeon Overview and Level Annotations

Branches:
Dungeon (1/15)

Altars:


Innate Abilities, Weirdness & Mutations

When hurt, damage is shared between your health and your magic reserves.


Message History

The jackal bites you.
* * * LOW HITPOINT WARNING * * *
The jackal bites you.
* * * LOW HITPOINT WARNING * * *
The jackal bites you. The jackal misses you. The jackal bites you.
* * * LOW HITPOINT WARNING * * *
The jackal misses you.
You are feeling hungry.
The jackal bites you.
* * * LOW HITPOINT WARNING * * *
The jackal bites you but does no damage.
The jackal barely misses you. The jackal closely misses you.
The jackal bites you.
* * * LOW HITPOINT WARNING * * *
The jackal barely misses you. x2
The jackal bites you.
You die...

........########
#....##.###
#######.#
#.#.......# #.#
#.......... #.#
#.#.#.#.#.# #.#
##### #.....#.#.#
#.. ...#
#.#.#.#.#.# #.##
###.####.....#.#.#
#.#
#.......#.#..#...#
#.#
#@#.###.#..Z......
##.# #h#.#
#.####.##..#
######..# #h#.#
#.# #.##..#
.....#.# #r#.#
#.####.##..#
##.#.#.# #)#.#
#......Z...#
.#.#.#.# #.#.#
######.....#
.#.#Z#.#######
#.#.# #######
.#............ ...
..####..###.. ..#


You could see 2 jackals and a rat.

Vanquished Creatures
  A leopard gecko (D:1)
  2 bats (D:1)
  A giant cockroach (D:1)
  2 goblins (D:1)
  4 hobgoblins (D:1)
  A jackal (D:1)
  A ball python (D:1)
  A kobold (D:1)
  3 rats (D:1)
16 creatures vanquished.

Vanquished Creatures (collateral kills)
  A jackal (D:1)
1 creature vanquished.

Grand Total: 17 creatures vanquished

Notes
Turn   | Place    | Note
-------+----------+-------------------------------------------
     0 | D:1      | Inarius the Demonspawn Necromancer began the quest for the Orb.
     0 | D:1      | Reached XP level 1. HP: 13/13 MP: 3/3
   227 | D:1      | Learned a level 1 spell: Animate Skeleton
   365 | D:1      | Gained mutation: When hurt, damage is shared between your health and your magic reserves. [demonic ancestry]
   365 | D:1      | Reached XP level 2. HP: 15/19 MP: 0/5
   958 | D:1      | HP: 1/20 [jackal (2)]
   963 | D:1      | Slain by a jackal

Action                   || total
-------------------------++-------
Melee: Unarmed           ||     3
       Dagger            ||    19
 Cast: Pain              ||    21
       Animate Skeleton  ||     5
 Stab: Sleeping          ||     1
Armor: Robe              ||    60
Dodge: Dodged            ||   219
